 Dungeon Crawl Stone Soup version 0.30-a0-857-gcaf70739d4 (webtiles) character file.

Game seed: 13025193129195717554

3442 FexLirch the Bludgeoner (level 9, -2/68 HPs)
             Began as a Minotaur Gladiator on Mar 6, 2023.
             Was a Priest of Cheibriados.
             Slain by an orc warrior
             ... wielding a +1 flail of holy wrath
              (8 damage)
             ... on level 9 of the Dungeon.
             The game lasted 00:12:28 (6141 turns).

FexLirch the Bludgeoner (Minotaur Gladiator)        Turns: 6141, Time: 00:12:28

Health: -2/68      AC:  4    Str: 31    XL:     9   Next: 77%
Magic:  8/8        EV: 14    Int: 16    God:    Cheibriados [***...]
Gold:   501        SH:  0    Dex: 22    Spells: 8/8 levels left

rFire   + + .      SeeInvis .    s - +8 whip "Blob" {drain, rF+ rC+ Int+3}
rCold   + . .      Faith    .    (no shield)
rNeg    . . .      Spirit   .    Q - +0 robe {Will+}
rPois   .          Reflect  .    c - +0 hat
rElec   .          Rampage  .    (no cloak)
rCorr   .                        h - +0 pair of gloves
Will    +....                    m - +0 pair of boots of the Onion {Dex+2}
Stlth   ++                       x - amulet of regeneration
HPRegen 1.11/turn                y - ring of protection from fire
MPRegen 0.11/turn                (no ring)

@: very slow
A: horns 2, retaliatory headbutt
a: Renounce Religion, Bend Time, Temporal Distortion


You were on level 9 of the Dungeon.
You worshipped Cheibriados.
Cheibriados was most pleased with you.
You visited 2 branches of the dungeon, and saw 10 of its levels.
You also visited: Bailey.

You collected 501 gold pieces.

Inventory:

Hand Weapons
 a - a +0 war axe
 s - the +8 whip "Blob" (weapon) {drain, rF+ rC+ Int+3}
   (You found it on level 4 of the Dungeon)

   Int:       It affects your intelligence (+3).
   rF:        It protects you from fire.
   rC:        It protects you from cold.
 D - a +4 battleaxe of electrocution
Missiles
 d - 4 throwing nets
 e - a javelin
 f - 49 stones
 j - 15 poisoned darts
 o - 23 boomerangs
Armour
 b - a +0 leather armour
 c - a +0 hat (worn)
 h - a +0 pair of gloves (worn)
 m - the +0 pair of boots of the Onion (worn) {Dex+2}
   (You found it on level 2 of the Dungeon)

   Dex:       It affects your dexterity (+2).
 Q - a +0 robe of willpower (worn)
Jewellery
 x - an amulet of regeneration (around neck)
 y - a ring of protection from fire (left hand)
 K - a ring of flight
Wands
 A - a wand of polymorph (7) (quivered)
 L - a wand of mindburst (13)
Scrolls
 n - 2 scrolls of torment {unknown}
 p - 3 scrolls of enchant armour {unknown}
 r - 2 scrolls of teleportation
 t - 3 scrolls of noise {unknown}
 u - a scroll of amnesia
 z - 2 scrolls of immolation {unknown}
 G - a scroll of brand weapon {unknown}
 H - a scroll of magic mapping {unknown}
 J - 3 scrolls of fear {unknown}
 M - a scroll of fog {unknown}
 P - a scroll of identify
Potions
 g - 2 potions of mutation
 i - 2 potions of haste
 k - 2 potions of lignification {unknown}
 l - a potion of experience
 q - a potion of berserk rage {unknown}
 v - 2 potions of degeneration
 w - 2 potions of heal wounds {unknown}
 B - 2 potions of invisibility {unknown}
 C - 3 potions of curing {unknown}
 E - 2 potions of cancellation {unknown}
 F - a potion of flight {unknown}
 I - a potion of magic {unknown}
 N - a potion of resistance {unknown}
Miscellaneous
 O - a tin of tremorstones (2/2)


   Skills:
 + Level 2.8 Fighting
 - Level 7.0(12.0) Axes
 * Level 15.0(15.6) Maces & Flails
 - Level 2.0 Throwing
 + Level 1.0 Armour
 - Level 3.2 Dodging


You had 8 spell levels left.
You didn't know any spells.
Your spell library contained the following spells:

 Spells                   Type           Power      Damage    Failure   Level
 Freeze                   Ice            0%         1d3       26%         1
 Summon Small Mammal      Summ           0%         N/A       26%         1
 Call Canine Familiar     Summ           0%         N/A       58%         3
 Frozen Ramparts          Ice            0%         1d1       58%         3
 Hailstorm                Conj/Ice       0%         3d3       58%         3
 Stone Arrow              Conj/Erth      0%         3d7       58%         3
 Summon Guardian Golem    Hex/Summ       0%         N/A       58%         3
 Animate Armour           Summ/Erth      0%         N/A       94%         4
 Lehudib's Crystal Spear  Conj/Erth      0%         10d2      100%        8


Dungeon Overview and Level Annotations

Branches:
Dungeon (9/15)             Temple (1/1) D:5          Bailey (visited)
   Lair: D:8-11         Orc: D:9-12

Altars:
Ashenzari
Cheibriados
Fedhas
Gozag
Hepliaklqana
Kikubaaqudgha
Makhleb
Nemelex Xobeh
Okawaru
Qazlal
Ru
Sif Muna
Trog
Vehumet
Wu Jian
Xom
Yredelemnul
Zin
The Shining One


Innate Abilities, Weirdness & Mutations

You have a pair of horns on your head.
You reflexively headbutt those who attack you in melee.


Message History

Cheibriados thoroughly appreciates the change of pace.
You whack the orc!
You kill the orc!
Cheibriados appreciates the change of pace.
The gnoll bouda gazes fiercely through you!
You feel your attacks grow feeble.
You whack the orc!
You kill the orc!
Cheibriados appreciates the change of pace.
You hit the gnoll but do no damage. You drain the gnoll.
The gnoll is severely wounded.
You hit the gnoll. You drain the gnoll.
You kill the gnoll!
Cheibriados appreciates the change of pace.
Your Armour skill increases to level 1!
You whack the gnoll bouda!
You headbutt the gnoll bouda, but do no damage.
The gnoll bouda is heavily wounded.
The gnoll bouda hits you with a +0 whip.
You hit the gnoll bouda. You drain the gnoll bouda.
The gnoll bouda is severely wounded.
Your attacks no longer feel as feeble.
You closely miss the gnoll bouda. Your headbutt misses the gnoll bouda.
Your punch misses the gnoll bouda.
The gnoll bouda is severely wounded.
The gnoll bouda misses you.
You barely miss the gnoll bouda. You headbutt the gnoll bouda.
You kill the gnoll bouda!
Cheibriados appreciates the change of pace.
The gnoll is no longer moving quickly.
The acid dragon bites you. The acid dragon claws you.
The orc warrior closely misses you. You furiously retaliate!
You headbutt the orc warrior. The acid dragon spits acid at you.
The splash of acid hits you!
* * * LOW HITPOINT WARNING * * *
Things that are here:
a +0 whip; a +0 leather armour The orc warrior attacks as you move away!
The orc warrior hits you with a +1 flail of holy wrath!
You die...

. #. .. #####..##
###.### .........#
......# .........#
###......'
#.........####.)......#
#.........#Dogg#..g...#
#.........#@####......#
#......[..#.# ......#
#...........# ......#
#.........### ....?.#
#.........# #+#####
######.### #.# ###.#
#.# #...# ##'####
######.##### #..<..#


You could see an orc warrior, an acid dragon and 2 gnolls.

Vanquished Creatures
  A water moccasin (D:6)
  5 orc warriors (Bailey)
  A sky beast (D:8)
  3 black bears
  An ice beast (D:6)
  3 ogres
  2 centaurs
  A kobold brigand (D:7)
  A phantom (D:6)
  6 bullfrogs
  A gnoll sergeant (D:6)
  3 scorpions
  7 wights (D:8)
  3 howler monkeys
  2 gnoll boudas
  2 jellies
  An orc priest (D:9)
  6 hounds
  4 iguanas
  A sleepcap (D:5)
  Jessica (D:2)
  7 adders
  13 gnolls
  A shadow imp (D:5)
  2 white imps
  A worm (D:2)
  12 orcs
  An endoplasm (D:2)
  2 giant cockroaches
  12 goblins
  10 hobgoblins
  6 jackals (D:1)
  17 kobolds
  3 quokkas
  10 ball pythons
  6 bats
  2 rats (D:1)
160 creatures vanquished.

Vanquished Creatures (others)
  41 fungi
  29 plants
70 creatures vanquished.

Grand Total: 230 creatures vanquished

Notes
Turn   | Place    | Note
-------+----------+-------------------------------------------
     0 | D:1      | FexLirch the Minotaur Gladiator began the quest for the
                  | Orb.
     0 | D:1      | Reached XP level 1. HP: 18/18 MP: 0/0
   195 | D:1      | Reached XP level 2. HP: 23/25 MP: 1/1
   609 | D:1      | Found a faded altar of an unknown god.
   835 | D:2      | Reached skill level 5 in Axes
   859 | D:2      | Reached XP level 3. HP: 29/30 MP: 2/2
  1027 | D:2      | Noticed Jessica
  1032 | D:2      | Killed Jessica
  1037 | D:2      | Identified the +0 pair of boots of the Onion {Dex+2}
  1716 | D:3      | Reached XP level 4. HP: 34/37 MP: 3/3
  2230 | D:3      | Reached XP level 5. HP: 30/42 MP: 4/4
  2449 | D:4      | Identified the +8 whip "Blob" {drain, rF+ rC+ Int+3}
  2615 | D:3      | Reached skill level 1 in Maces & Flails
  2692 | D:3      | Identified a scroll of acquirement
  2694 | D:3      | Acquired a +4 battleaxe of electrocution
  2703 | D:4      | Reached skill level 2 in Maces & Flails
  2806 | D:4      | Reached skill level 3 in Maces & Flails
  2916 | D:4      | You fall into a shaft and drop 1 floor!
  2916 | D:5      | Entered Level 5 of the Dungeon
  2918 | D:5      | Found a staircase to the Ecumenical Temple.
  2930 | Temple   | Entered the Ecumenical Temple
  2930 | Temple   | Found a transporter.
  2930 | Temple   | Found a transporter.
  2932 | Temple   | Found a transporter.
  2932 | Temple   | Found a transporter.
  2956 | Temple   | Became a worshipper of Cheibriados the Contemplative
  2988 | D:5      | Noticed a black bear
  2999 | D:5      | Killed a black bear
  3000 | D:5      | Reached skill level 4 in Maces & Flails
  3000 | D:5      | Reached XP level 6. HP: 36/50 MP: 5/5
  3002 | D:5      | Reached skill level 5 in Maces & Flails
  3255 | D:5      | Reached skill level 6 in Maces & Flails
  3265 | D:5      | Reached XP level 7. HP: 54/56 MP: 6/6
  3307 | D:5      | Reached skill level 7 in Maces & Flails
  3614 | D:5      | Reached * piety under Cheibriados
  3775 | D:6      | Reached skill level 8 in Maces & Flails
  3819 | D:6      | Reached skill level 9 in Maces & Flails
  3819 | D:6      | Reached XP level 8. HP: 55/62 MP: 7/7
  3827 | D:6      | Reached skill level 10 in Maces & Flails
  3966 | D:6      | Reached skill level 11 in Maces & Flails
  4709 | D:7      | Reached ** piety under Cheibriados
  4710 | D:7      | Reached skill level 12 in Maces & Flails
  4743 | D:7      | Found a flagged portal.
  4760 | Bailey   | Entered a bailey
  4765 | Bailey   | Noticed an orc warlord
  4806 | Bailey   | Reached XP level 9. HP: 32/68 MP: 8/8
  4881 | Bailey   | Found a runed translucent gate.
  4883 | Bailey   | Found a runed translucent gate.
  4884 | Bailey   | Found a runed translucent gate.
  4945 | Bailey   | Reached skill level 13 in Maces & Flails
  5292 | D:7      | Reached *** piety under Cheibriados
  5515 | D:8      | Found a sacrificial altar of Ru.
  5516 | D:8      | Found an opulent altar of Gozag.
  5552 | D:8      | Reached skill level 14 in Maces & Flails
  6124 | D:9      | Reached skill level 15 in Maces & Flails
  6135 | D:9      | Reached skill level 1 in Armour
  6141 | D:9      | Slain by an orc warrior

Illustrated notes

Levels and vault maps discovered:
D:1:      roderic_chinese_lattice_arrival, layout_loops_ring,
          shapermc_ecumenical_altar_mp_ritualfount
D:2:      layout_loops_corners, uniq_jessica
D:3:      layout_basic
D:4:      layout_basic
D:5:      layout_basic, minmay_temple_entry_offerings
D:6:      layout_loops_ring, minmay_alternating_orb
D:7:      layout_basic, enter_bailey_3, serial_park_tiny_pond
D:8:      layout_loops_ring, grunt_temple_overflow_open
D:9:      layout_roguey, dancing_weapons_uskayaw, due_lair_maze_entry_diamond,
          st_stairs_3
Temple:   hellmonk_temple_divided_pantheon

Skill      XL: |  1  2  3  4  5  6  7  8  9 |
---------------+----------------------------+-----
Axes           | 4 5 7 |  7.0
Maces & Flails | 4 6 9 12 15 | 15.0
Armour         | 1 |  1.0
Fighting       | |  2.8
Throwing       | |  2.0
Dodging        | |  3.2

Action                     |  1- 3 |  4- 6 |  7- 9 || total
---------------------------+-------+-------+-------++-------
  Melee: War axe           |    83 |    42 |       ||   125
         Headbutt          |     4 |    17 |    39 ||    60
         Whip              |       |    40 |   187 ||   227
         Punch             |       |       |     2 ||     2
         Battleaxe         |       |       |    21 ||    21
  Evoke: Wand              |       |       |     3 ||     3
    Use: Scroll            |       |     5 |     7 ||    12
   Stab: Sleeping          |     1 |       |       ||     1
 Armour: Leather armour    |    23 |    26 |    35 ||    84
         Robe              |       |       |     4 ||     4
  Dodge: Dodged            |    74 |    72 |   107 ||   253

Table legend: (Time is in decaauts)
 A = Elapsed time spent in this place.
 B = Non-inter-level travel time spent in this place.
 C = Inter-level travel time spent in this place.
 D = Time resting spent in this place.
 E = Time spent auto-exploring this place.
 F = Levels seen in this place.
 G = Mean time per level.
                   A        B        C        D        E       F      G
               +--------+--------+--------+--------+--------+-----+--------+
         Total |   7304 |   6742 |    562 |    103 |   5026 |  11 |  664.0 |
       Dungeon |   6857 |   6304 |    553 |    103 |   4987 |   9 |  761.9 |
        Temple |     41 |     33 |      8 |      0 |      1 |   1 |   41.0 |
        Bailey |    405 |    405 |      0 |      0 |     38 |   1 |  405.0 |
               +--------+--------+--------+--------+--------+-----+--------+

Top non-repeatable levels by time:
     D:8: 1023 daAuts
     D:2: 931 daAuts
     D:6: 867 daAuts
     D:3: 848 daAuts
     D:7: 819 daAuts
     D:1: 801 daAuts
     D:5: 776 daAuts
     D:4: 716 daAuts
  Bailey: 405 daAuts
     D:9: 73 daAuts
  Temple: 41 daAuts
